 Dungeon Crawl Stone Soup version 0.30.0 (webtiles) character file.

Game seed: 16465684996895756802

1101 zlionsfan the Covered (level 8, 0/48 HPs)
             Began as a Deep Elf Fighter on May 6, 2023.
             Was an Initiate of Gozag.
             Succumbed to a killer bee's poison
             ... on level 6 of the Dungeon.
             The game lasted 00:15:02 (4398 turns).

zlionsfan the Covered (Deep Elf Fighter)            Turns: 4398, Time: 00:15:03

Health: 0/48       AC: 13    Str: 18    XL:     8   Next: 10%
Magic:  10/10      EV:  5    Int: 14    God:    Gozag
Gold:   216        SH:  5    Dex: 14    Spells: 7/7 levels left

rFire   . . .        a - +3 dagger (vamp)
rCold   + . .        c - +0 buckler
rNeg    . . .        s - +0 plate armour
rPois   .            i - +0 helmet of the Stars {*Slow Str+3 Slay+2}
rElec   .            (no cloak)
rCorr   .            (no gloves)
SInv    .            (no boots)
Will    .....        q - amulet of regeneration Stlth
                     e - ring of protection from cold
HPRegen 1.08/turn    (no ring)
MPRegen 0.12/turn

%: slow self (1%)
@: lethally poisoned (0 -> -5), hasted, invisible, very quick
A: no striking features
a: Renounce Religion, Potion Petition, Call Merchant, Bribe Branch


You were on level 6 of the Dungeon.
You worshipped Gozag.
Gozag was aware of your devotion.
You visited 1 branch of the dungeon, and saw 6 of its levels.

You collected 680 gold pieces.
You spent 42 gold pieces at shops.
You paid 422 gold pieces to Gozag.

Inventory:

Hand Weapons
 a - a +3 vampiric dagger (weapon)
 b - a +0 hand crossbow
Missiles
 j - 6 silver boomerangs (quivered)
Armour
 c - a +0 buckler (worn)
 i - the +0 helmet of the Stars (worn) {*Slow Str+3 Slay+2}
   (You found it on level 2 of the Dungeon)

   Str:       It affects your strength (+3).
   Slay:      It affects your accuracy & damage with ranged weapons and melee
   (+2).
   *Slow:     It may slow you when you take damage.
 s - a +0 plate armour (worn)
Jewellery
 e - a ring of protection from cold (left hand)
 q - an amulet of regeneration (around neck)
Wands
 r - a wand of acid (5)
Scrolls
 k - a scroll of blinking
 l - a scroll of summoning
 o - 2 scrolls of enchant weapon {unknown}
 p - 5 scrolls of teleportation {unknown}
 t - a scroll of fog {unknown}
Potions
 d - 3 potions of might
 g - a potion of invisibility
 h - a potion of attraction {unknown}
 m - a potion of mutation
 n - a potion of haste


   Skills:
 * Level 4.1 Fighting
 * Level 4.1 Short Blades
 + Level 1.5 Maces & Flails
 + Level 4.7 Ranged Weapons
 + Level 0.8 Throwing
 * Level 4.9 Armour
 + Level 1.7 Dodging
 + Level 0.2 Stealth
 + Level 3.3 Shields


You had 7 spell levels left.
You didn't know any spells.
Your spell library contained the following spells:

 Spells                   Type           Power      Damage    Failure   Level
 Sandblast                Erth           0%         2d4       100%        1
 Shock                    Conj/Air       0%         1d3       100%        1
 Passwall                 Tmut/Erth      0%         N/A       100%        2
 Call Canine Familiar     Summ           0%         N/A       100%        3
 Stone Arrow              Conj/Erth      0%         3d7       100%        3
 Summon Guardian Golem    Hex/Summ       0%         N/A       100%        3
 Swiftness                Air            0%         N/A       100%        3
 Airstrike                Air            0%         2d(0-16)  100%        4
 Orb of Destruction       Conj           0%         9d5       100%        7
 Summon Hydra             Summ           0%         N/A       100%        7


Dungeon Overview and Level Annotations

Branches:
Dungeon (6/15)
 Temple: D:4-7

Altars:
Cheibriados
Elyvilon
Fedhas
Gozag
Kikubaaqudgha
Trog
Yredelemnul

Shops:
D:3 [   D:4 (


Message History

You feel a sense of dread.
a - a +3 vampiric dagger (weapon)
You feel sick.
The killer bee stings you but does no damage.
You hit the killer bee.
The killer bee is heavily wounded.
You feel sick.
The killer bee stings you but does no damage.
You hit the killer bee.
You feel better.
The killer bee is severely wounded.
You feel sick. The killer bee stings you! The killer bee stings you.
You are more poisoned.
The killer bee poisons you! The killer bee stings you.
You are more poisoned.
The killer bee poisons you!
The killer bee stings you but does no damage.
You feel better. The killer bee stings you.
You are poisoned.
The killer bee poisons you!
The killer bee stings you but does no damage.
The killer bee stings you. x2
The killer bee stings you but does no damage.
The killer bee stings you!
You feel yourself speed up.
You feel sick. The killer bee stings you.
* * * LOW HITPOINT WARNING * * *
You are more poisoned.
The killer bee poisons you! You block the killer bee's attack.
The killer bee stings you but does no damage.
The killer bee stings you!
* * * LOW HITPOINT WARNING * * *
The killer bee stings you but does no damage. x2
Blink to where?
Press: ? - help, Dir - move target, p - killer bee
As you read the scroll of blinking, it crumbles to dust.
* * * LOW HITPOINT WARNING * * *
You feel sick.
It was a potion of invisibility.
You fade into invisibility!
You die...
Your body crumbles into a pile of gold.

##...##..###.............##
#........##..............#
........##.............##
#...##.......##..........!#
....#........#...........#.
........##.>.#...#.......#
###.##............#......
#.......#.##.......#....
...[....#..#@..........
.........#...#........
......................
......................
#.....................
.........y..##.......
......##.y### ...####
.###....y# ..###
##...####..#


You could see 3 killer bees.

Vanquished Creatures
  A water moccasin (D:6)
  2 black bears
  A sky beast (D:6)
  3 scorpions
  A jelly (D:4)
  4 orc priests (D:5)
  5 iguanas
  An orc wizard (D:5)
  A mummy (D:4)
  10 adders
  7 gnolls (D:4)
  A shadow imp (D:5)
  A white imp (D:5)
  An ufetubus (D:5)
  A worm (D:2)
  A dart slug (D:4)
  5 orcs (D:5)
  5 endoplasms
  2 giant cockroaches (D:3)
  8 goblins
  3 jackals (D:4)
  2 quokkas (D:2)
  5 ball pythons
  4 bats
  2 frilled lizards
  6 kobolds
  4 rats
87 creatures vanquished.

Vanquished Creatures (others)
  A plant (D:6)
1 creature vanquished.

Grand Total: 88 creatures vanquished

Notes
Turn   | Place    | Note
-------+----------+-------------------------------------------
     0 | D:1      | zlionsfan the Deep Elf Fighter began the quest for the Orb.
     0 | D:1      | Reached XP level 1. HP: 13/13 MP: 3/3
   268 | D:1      | You fall into a shaft and drop 1 floor!
   470 | D:2      | Reached XP level 2. HP: 18/18 MP: 4/4
  1073 | D:2      | Identified the +0 helmet of the Stars {*Slow Str+3 Slay+2}
  1091 | D:2      | Reached XP level 3. HP: 14/22 MP: 5/5
  1492 | D:3      | Found Patriwn's Antique Armour Shop.
  1690 | D:3      | Reached XP level 4. HP: 23/27 MP: 6/6
  1714 | D:3      | Found an opulent altar of Gozag.
  1731 | D:3      | Became a worshipper of Gozag Ym Sagoz the Greedy
  1863 | D:3      | Reached skill level 1 in Dodging
  2503 | D:4      | Reached skill level 1 in Maces & Flails
  2581 | D:4      | Reached XP level 5. HP: 17/28 MP: 7/7
  2646 | D:4      | Found Vyrphy's Firing Range.
  2657 | D:4      | Bought a +0 hand crossbow for 42 gold pieces
  2711 | D:4      | Reached XP level 6. HP: 29/37 MP: 8/8
  2713 | D:4      | Reached skill level 1 in Ranged Weapons
  2997 | D:4      | Found a snail-covered altar of Cheibriados.
  3079 | D:5      | Entered Level 5 of the Dungeon
  3184 | D:5      | Found a bloodstained altar of Trog.
  3260 | D:5      | Found a white marble altar of Elyvilon.
  3311 | D:5      | Reached XP level 7. HP: 42/42 MP: 9/9
  3528 | D:5      | Found a basalt altar of Yredelemnul.
  3767 | D:5      | Got the Papyrus of Supportive Outbursts
  4024 | D:5      | Found an ancient bone altar of Kikubaaqudgha.
  4025 | D:5      | Found a blossoming altar of Fedhas.
  4257 | D:6      | Reached XP level 8. HP: 32/48 MP: 10/10
  4396 | D:6      | HP: 2/48 [killer bee (7)]
  4398 | D:6      | Succumbed to a killer bee's poison

Illustrated notes

Levels and vault maps discovered:
D:1:      lemuel_arrival_cross, layout_loops_ring, item_on_display_a
D:2:      layout_rooms
D:3:      layout_loops_corners, grunt_gozag_breadcrumbs, serial_shops,
          nicolae_shop_overgrown_old_shop
D:4:      layout_cave_pools, slow_altar_2, serial_column_ruins,
          column_ruins_columns_straight, column_ruins_corridor_corner,
          column_ruins_grid_1, column_ruins_open_small,
          nicolae_shop_firing_range
D:5:      layout_basic, mainiacjoe_overflow_concentric_impassable,
          grunt_temple_overflow_growth_and_decay, trog_three_pillars_becter,
          general_overflow_altar
D:6:      layout_cave_pools, amethyst_overflow_temple_binary,
          minmay_temple_entry_overgrown, grunt_ministairs_11,
          lemuel_flame_loot_1

Skill      XL: |  1  2  3  4  5  6  7 |
---------------+----------------------+-----
Armour         | 3 4 |  4.9
Dodging        | 1 |  1.7
Fighting       | 3 4 |  4.1
Maces & Flails | 1 |  1.5
Shields        | 3 |  3.3
Short Blades   | 3 4 |  4.1
Ranged Weapons | 2 4 |  4.7
Throwing       | |  0.8
Stealth        | |  0.2

Action                     |  1- 3 |  4- 6 |  7- 9 || total
---------------------------+-------+-------+-------++-------
  Melee: Rapier            |    66 |       |       ||    66
         Whip              |    47 |    23 |       ||    70
         Dagger            |       |    66 |    85 ||   151
   Fire: Hand crossbow     |       |    32 |    23 ||    55
  Throw: Boomerang         |       |     3 |     6 ||     9
 Invoke: Potion Petition   |       |       |     1 ||     1
    Use: Scroll            |     2 |     7 |     2 ||    11
         Potion            |     1 |       |     5 ||     6
 Armour: Scale mail        |     9 |       |       ||     9
         Chain mail        |    41 |    47 |    32 ||   120
         Plate armour      |       |       |    24 ||    24
  Dodge: Dodged            |    38 |    29 |    30 ||    97
  Block: Buckler           |    17 |    31 |    17 ||    65
